 Dungeon Crawl Stone Soup version 0.30-a0-728-gc68057be0a (webtiles) character file.

Game seed: 11712981515389287963

137 warriortoast the Trooper (level 5, -10/44 HPs)
             Began as a Barachi Fighter on Jan 31, 2023.
             Killed by divine providence
             ... invoked by an orc priest
              (14 damage)
             ... on level 3 of the Dungeon.
             The game lasted 00:04:40 (2134 turns).

warriortoast the Trooper (Barachi Fighter)          Turns: 2134, Time: 00:04:40

Health: -10/44     AC:  9    Str: 19    XL:     5   Next: 20%
Magic:  5/5        EV:  9    Int:  9    God:
Gold:   113        SH:  4    Dex: 11    Spells: 4/4 levels left

rFire   . . .      SeeInvis +    a - +0 war axe
rCold   . . .      Faith    .    c - +0 buckler
rNeg    . . .      Spirit   .    b - +0 scale mail
rPois   .          Reflect  .    (no helmet)
rElec   .          Harm     .    w - +0 cloak
rCorr   .          Rampage  .    (no gloves)
Will    .....                    h - +0 pair of boots Stlth
                                 (no amulet)
HPRegen 0.27/turn                n - ring of see invisible
MPRegen 0.09/turn                (no ring)

@: unable to hop, slow
A: amphibious, slowness 1, strong legs 1, +LOS
a: Hop


You were on level 3 of the Dungeon.
You visited 1 branch of the dungeon, and saw 3 of its levels.

You collected 113 gold pieces.

Inventory:

Hand Weapons
 a - a +0 war axe (weapon)
Missiles
 g - 2 boomerangs (quivered)
Armour
 b - a +0 scale mail (worn)
 c - a +0 buckler (worn)
 h - a +0 pair of boots (worn)
 w - a +0 cloak (worn)
 y - a +0 chain mail
Jewellery
 j - a ring of fire
 l - a ring of wizardry
 n - a ring of see invisible (left hand)
 o - a ring of poison resistance
 z - a ring of resist corrosion
Scrolls
 f - 3 scrolls of identify {unknown}
 i - 3 scrolls of noise {unknown}
 m - a scroll of summoning {unknown}
 p - 2 scrolls of blinking {unknown}
 r - a scroll of vulnerability {unknown}
 u - a scroll of enchant weapon {unknown}
 x - a scroll of fog {unknown}
Potions
 d - a potion of might
 e - a potion of brilliance {unknown}
 k - a potion of attraction {unknown}
 q - a potion of invisibility {unknown}
 s - a potion of berserk rage {unknown}
 t - 2 potions of heal wounds {unknown}
 v - a potion of resistance {unknown}


   Skills:
 + Level 5.5 Fighting
 + Level 4.3 Axes
 - Level 3.6 Armour
 - Level 3.2 Shields


You had 4 spell levels left.
You didn't know any spells.
Your spell library contained the following spells:

 Spells                   Type           Power      Damage    Failure   Level
 Magic Dart               Conj           0%         1d3       85%         1
 Searing Ray              Conj           0%         2d4       94%         2
 Ignite Poison            Fire/Tmut/Pois 0%         N/A       99%         3
 Portal Projectile        Hex/Tloc       0%         N/A       99%         3
 Tukima's Dance           Hex            0%         N/A       99%         3
 Fulminant Prism          Conj/Hex       0%         3d5       100%        4
 Sticky Flame             Conj/Fire      0%         2d3       100%        4
 Blade Hands              Tmut           0%         N/A       100%        5
 Ignition                 Fire           0%         3d3       100%        8


Dungeon Overview and Level Annotations

Branches:
Dungeon (3/15)

Altars:


Innate Abilities, Weirdness & Mutations

You are amphibious.
You cover ground slowly.
You can hop short distances.
You have an extended range of vision and can be seen from far away.


Message History

The orc is heavily wounded.
You block the orc's attack.
You barely miss the orc.
The orc is moderately wounded.
The orc closely misses you.
The orc priest mumbles some strange prayers to Beogh against you.
Beogh smites you!
You are too injured to fight recklessly!
You are too injured to fight recklessly!
You are too injured to fight recklessly!
Unknown command.
Hop to where?
Press: ? - help, Dir - move target Boing!
Things that are here:
a +0 dagger; a goblin corpse The orc priest invokes the aid of Beogh against you.
Beogh smites you!
* * * LOW HITPOINT WARNING * * *
The orc attacks as you move away! The orc barely misses you.
The orc hits you but does no damage. The orc attacks as you move away!
You block the orc's attack. The orc attacks as you move away!
You block the orc's attack. The orc barely misses you.
The orc attacks as you move away! The orc closely misses you.
The orc hits you but does no damage. The orc attacks as you move away!
The orc closely misses you. The orc attacks as you move away!
The orc barely misses you. The orc hits you but does no damage.
The orc priest calls down the wrath of Beogh upon you.
Beogh smites you!
* * * LOW HITPOINT WARNING * * *
The orc attacks as you move away! The orc hits you but does no damage.
The orc hits you but does no damage. The orc attacks as you move away!
The orc barely misses you. The orc attacks as you move away!
The orc hits you with a +0 club.
* * * LOW HITPOINT WARNING * * *
The orc priest invokes the aid of Beogh against you.
Beogh smites you!
You die...

.#
####.~~♣♣♣~~~P#
###># .#
#.PP~~~~...#
#...## .#
#...PP~###.#
####.#.#. .#
####...# .#
#..(..... .#
#..## .#
#.####### .#
#.## ##.#
#.#.....# .# #.#
#..# #.#.....#
.# #.# #.#
#.'.....# .# #.#
#@# #.#.....# .#
#.# #o#
#.####### .# #.#
#........ .# #o#
########. .. #.#
## #o# #######
#.####o#######
#......
#.........o.o#
#.#####
.........#####.#
..#


You could see an orc priest and 3 orcs.

Vanquished Creatures
  An orc wizard (D:3)
  4 adders (D:2)
  A worm (D:3)
  4 orcs (D:3)
  4 bats
  8 endoplasms
  3 giant cockroaches
  11 goblins
  2 hobgoblins
  A jackal (D:2)
  4 kobolds
  5 quokkas (D:1)
  4 ball pythons
  10 frilled lizards (D:2)
  7 rats
69 creatures vanquished.

Vanquished Creatures (others)
  11 plants
11 creatures vanquished.

Grand Total: 80 creatures vanquished

Notes
Turn   | Place    | Note
-------+----------+-------------------------------------------
     0 | D:1      | warriortoast the Barachi Fighter began the quest for the
                  | Orb.
     0 | D:1      | Reached XP level 1. HP: 18/18 MP: 1/1
    10 | D:1      | Noticed a bullfrog
   203 | D:1      | Reached XP level 2. HP: 22/25 MP: 2/2
   204 | D:1      | Reached skill level 4 in Fighting
   386 | D:1      | Reached XP level 3. HP: 31/31 MP: 3/3
  1228 | D:2      | Reached XP level 4. HP: 38/38 MP: 4/4
  1300 | D:2      | Reached skill level 5 in Fighting
  1387 | D:2      | Identified the +1 pair of boots of Cowardice {+Blink rC+
                  | Slay+3}
  1929 | D:3      | Reached XP level 5. HP: 43/44 MP: 5/5
  2134 | D:3      | Killed from afar by an orc priest

Illustrated notes

Levels and vault maps discovered:
D:1:      evilmike_arrival_come_back, layout_basic, chequers_garden
D:2:      minmay_diamond_boxcup, layout_basic, grunt_ministairs_14,
          minmay_misc_feat_rugged, minmay_lizard_king
D:3:      layout_loops_ring, serial_bayou_pond_c, minivault_5, nrook_mini_vaults

Skill      XL: |  1  2  3  4 |
---------------+-------------+-----
Fighting       | 4 5 |  5.5
Axes           | 3 4 |  4.3
Armour         | |  3.6
Shields        | |  3.2

Action                     |  1- 3 |  4- 6 || total
---------------------------+-------+-------++-------
  Melee: War axe           |   126 |    73 ||   199
Ability: Hop               |       |     1 ||     1
 Armour: Scale mail        |    64 |    42 ||   106
  Dodge: Dodged            |    67 |    46 ||   113
  Block: Buckler           |    30 |    15 ||    45

Table legend: (Time is in decaauts)
 A = Elapsed time spent in this place.
 B = Non-inter-level travel time spent in this place.
 C = Inter-level travel time spent in this place.
 D = Time resting spent in this place.
 E = Time spent auto-exploring this place.
 F = Levels seen in this place.
 G = Mean time per level.
                   A        B        C        D        E       F      G
               +--------+--------+--------+--------+--------+-----+--------+
         Total |   2549 |   2510 |     39 |      0 |   1962 |   3 |  849.7 |
       Dungeon |   2549 |   2510 |     39 |      0 |   1962 |   3 |  849.7 |
               +--------+--------+--------+--------+--------+-----+--------+

Top non-repeatable levels by time:
     D:2: 1088 daAuts
     D:1: 990 daAuts
     D:3: 470 daAuts
